 Dungeon Crawl Stone Soup version 0.27-a0-333-gfa571bf19a (webtiles) character file.

Game seed: 9554601413078476968

173 inc the Caller (level 5, -3/21 HPs)
             Began as a Felid Summoner on Feb 12, 2021.
             Slain by an orc warrior
             ... wielding a +0 long sword
              (19 damage)
             ... on level 5 of the Dungeon.
             The game lasted 00:10:58 (6504 turns).

inc the Caller (Felid Summoner)                     Turns: 6504, Time: 00:10:59

Health: -3/21      AC:  1    Str:  4    XL:     5   Next: 28%
Magic:  15/18      EV: 18    Int: 16    God:
Gold:   79         SH:  0    Dex: 18    Spells: 2/8 levels left
                                        Lives:  0   Deaths: 1

rFire    . . .     SeeInvis +   (weapon unavailable)
rCold    . . .     Faith    .   (shield unavailable)
rNeg     . . .     Spirit   .   (armour unavailable)
rPois    .         Reflect  .   (helmet unavailable)
rElec    .         Harm     .   (cloak unavailable)
rCorr    .         Rampage  .   (gloves unavailable)
Will     .....                  (boots unavailable)
Stlth    +++.......             (no amulet)
HPRegen  0.07/turn              e - ring of magical power
MPRegen  0.16/turn              (no ring)

@: quick
A: very small, no armour, no weapons or thrown items, stealth, claws 1, fangs 3,
see invisible, speed 1, shaggy fur 1, sharp paws
a: no special abilities


You were on level 5 of the Dungeon.
You visited 1 branch of the dungeon, and saw 5 of its levels.
You also visited: Ossuary.

You collected 79 gold pieces.

Inventory:

Jewellery
 d - a ring of fire
 e - a ring of magical power (left paw)
 p - a ring of wizardry {unknown}
 q - an amulet of magic regeneration
Wands
 m - a wand of random effects (13)
Scrolls
 c - 4 scrolls of identify
 f - 2 scrolls of teleportation
 r - a scroll of blinking {unknown}
Potions
 a - a potion of flight
 i - 2 potions of haste {unknown}
 j - a potion of brilliance
 k - 3 potions of curing
 l - a potion of degeneration
 n - 2 potions of ambrosia {unknown}


   Skills:
 - Level 2.6 Dodging
 - Level 2.6 Stealth
 - Level 2.0 Spellcasting
 + Level 7.0 Summonings
 + Level 1.4 Air Magic


You had 2 spell levels left.
You knew the following spells:

 Your Spells              Type           Power        Failure   Level
a - Call Imp              Summ           24%          1%          2
c - Summon Lightning Spi  Summ/Air       15%          36%         4

Your spell library contained the following spells:

 Spells                   Type           Power        Failure   Level
 Summon Small Mammal      Summ           96%          1%          1
 Call Canine Familiar     Summ           24%          3%          3
 Summon Guardian Golem    Hex/Summ       12%          14%         3
 Summon Ice Beast         Ice/Summ       12%          43%         4


Dungeon Overview and Level Annotations

Branches:
Dungeon (5/15)            Ossuary (visited)
 Temple: D:4-7

Altars:

Annotations:
D:3 Sigmund
D:4 Blork the orc, Edmund


Innate Abilities, Weirdness & Mutations

You cannot wear armour.
You are incapable of wielding weapons or throwing items.
Your paws allow you to move quietly. (Stealth)
You have sharp claws.
You have razor-sharp teeth.
You have supernaturally acute eyesight. (SInv)
You cover ground quickly.
You are covered in fur. (AC +1)
Your sharp claws are effective at attacking unaware monsters.


Message History

The adder dies!
Your crimson imp blinks!
Your crimson imp blinks!
Magic restored.
There is a stone staircase leading down here.
You now have 79 gold pieces (gained 15).
Your white imp disappears in a puff of smoke!
An orc comes into view. It is wielding a +0 mace.
An orc is nearby!
An orc is nearby!
Your crimson imp blinks!
An orc comes into view. It is wielding a +0 club.
The orc shouts!
You hear a shout!
The orc shouts!
An orc warrior comes into view. It is wielding a +0 long sword.
The orc misses you.
You closely miss the orc. The orc hits you with a +0 mace.
Your crimson imp blinks!
Casting: Call Imp (safe; 1% risk of failure)
Confirm with . or Enter, or press ? or * to list all spells.
A beastly little devil appears in a puff of flame.
Your crimson imp barely misses the orc warrior.
The orc hits your crimson imp with a +0 club.
Your crimson imp hits the orc but does no damage.
Your crimson imp barely misses the orc.
Casting: Call Imp (safe; 1% risk of failure)
Confirm with . or Enter, or press ? or * to list all spells.
A beastly little devil appears in a puff of flame.
Your crimson imp says, "I truckle to your service, my illustrious and pillow-pawed master!"
Your crimson imp hits the orc.
Your crimson imp hits the orc but does no damage.
Your crimson imp closely misses the orc.
The orc hits your crimson imp but does no damage.
Your crimson imp hits the orc.
Your crimson imp hits the orc but does no damage.
Your crimson imp hits the orc.
The orc dies!
Your crimson imp disappears in a puff of smoke!
The orc warrior hits you with a +0 long sword!!
Ouch! That really hurt!
You die...

#...##.#.#.
#...##....
#...##...#.
#.<.##...###
#...##...#
#...##...#
#...>§...####..
#..###.......#
#.@#.........#
#o...........#
###o§............
#.5.55.....######
###..#.#...#
#..#.#...#
#..#.#...# #..#.#
.# ....


You could see an orc warrior, an orc (ally target) and 3 friendly crimson imps.

Vanquished Creatures
  A mummy (Ossuary)
  A gnoll (D:1)
  A dart slug (D:3)
  4 leopard geckos
  6 bats
  A giant cockroach (D:1)
  3 goblins
  3 hobgoblins
  A jackal (D:3)
  5 kobolds
  2 quokkas
  4 frilled lizards
  3 hobgoblin zombies (Ossuary)
  5 rats
40 creatures vanquished.

Vanquished Creatures (collateral kills)
  An ogre (D:4)
  A centaur zombie (Ossuary)
  2 orc wizards (D:3)
  A worker ant (D:4)
  A mummy (Ossuary)
  5 adders
  3 gnolls
  3 worms
  2 dart slugs (D:1)
  5 orcs
  4 bats
  2 giant cockroaches (D:3)
  13 goblins
  5 hobgoblins
  5 jackals (D:3)
  5 kobolds
  2 frilled lizards
  2 hobgoblin zombies (Ossuary)
  2 rats (D:1)
64 creatures vanquished.

Grand Total: 104 creatures vanquished

Notes
Turn   | Place    | Note
-------+----------+-------------------------------------------
     0 | D:1      | inc the Felid Summoner began the quest for the Orb.
     0 | D:1      | Reached XP level 1. HP: 7/7 MP: 4/4
    99 | D:1      | Reached XP level 2. HP: 11/11 MP: 6/6
   352 | D:1      | Learned a level 2 spell: Call Imp
   452 | D:1      | Reached skill level 5 in Summonings
   719 | D:1      | Reached XP level 3. HP: 14/14 MP: 7/7
  2994 | D:3      | Reached XP level 4. HP: 18/18 MP: 8/8
  4127 | D:3      | Reached skill level 6 in Summonings
  4778 | D:3      | Noticed Sigmund
  5153 | D:3      | Reached XP level 5. HP: 21/21 MP: 9/9
  5283 | D:4      | Noticed Blork the orc
  5523 | D:4      | Found a sand-covered staircase.
  5536 | Ossuary  | Entered an ossuary
  5598 | Ossuary  | HP: 1/21 [centaur zombie (4)]
  5602 | Ossuary  | Slain by a hobgoblin zombie
  5603 | Ossuary  | Reached XP level 4. HP: 0/18 MP: 2/17
  5652 | D:4      | Noticed Edmund
  5740 | D:4      | Learned a level 4 spell: Summon Lightning Spire
  6022 | D:4      | Noticed an ogre
  6037 | D:4      | Killed an ogre
  6038 | D:4      | Reached skill level 1 in Air Magic
  6038 | D:4      | Reached XP level 5. HP: 21/21 MP: 9/9
  6151 | D:5      | Entered Level 5 of the Dungeon
  6171 | D:5      | Reached skill level 7 in Summonings
  6494 | D:5      | Noticed an orc warrior
  6504 | D:5      | Slain by an orc warrior

Illustrated notes

Levels and vault maps discovered:
D:1:      minmay_arrival_checkered_box, layout_basic, minmay_distorted
D:2:      layout_basic
D:3:      cheibrodos_greedy_goblins, layout_loops_ring, kennysheep_boxes,
          uniq_sigmund
D:4:      layout_cave_pods, temple_hall, serial_shops, shop, enter_ossuary_2,
          uniq_edmund, uniq_blork_the_orc, uniq_natasha
D:5:      layout_basic

Skill      XL: |  1  2  3  4  5 |
---------------+----------------+-----
Summonings     | 5 6 7 |  7.0
Air Magic      | 1 |  1.4
Dodging        | |  2.6
Stealth        | |  2.6
Spellcasting   | |  2.0

Action                   |  1- 3 |  4- 6 || total
-------------------------+-------+-------++-------
Melee: Unarmed           |   116 |    83 ||   199
       Bite              |    19 |     6 ||    25
 Cast: Summon Small Mamm |    15 |     3 ||    18
       Call Imp          |    22 |    68 ||    90
  Use: Scroll            |       |    10 ||    10
       Potion            |       |     4 ||     4
 Stab: Sleeping          |     9 |     5 ||    14
       Invisible         |       |     2 ||     2
Armor: Skin              |     7 |     8 ||    15
Dodge: Dodged            |   101 |   157 ||   258

Table legend: (Time is in decaauts)
 A = Elapsed time spent in this place.
 B = Non-inter-level travel time spent in this place.
 C = Inter-level travel time spent in this place.
 D = Time resting spent in this place.
 E = Time spent auto-exploring this place.
 F = Levels seen in this place.
 G = Mean time per level.
                   A        B        C        D        E       F      G
               +--------+--------+--------+--------+--------+-----+--------+
         Total |   5987 |   5813 |    174 |   2284 |   2263 |   6 |  997.8 |
       Dungeon |   5900 |   5726 |    174 |   2284 |   2263 |   5 | 1180.0 |
       Ossuary |     87 |     87 |      0 |      0 |      0 |   1 |   87.0 |
               +--------+--------+--------+--------+--------+-----+--------+

Top non-repeatable levels by time:
     D:2: 2117 daAuts
     D:3: 1927 daAuts
     D:1: 1002 daAuts
     D:4: 509 daAuts
     D:5: 343 daAuts
 Ossuary: 87 daAuts
